 Dungeon Crawl Stone Soup version 0.23.0 (webtiles) character file.

Game seed: 9211649663603204430

197850 mhilhors the Fighter (level 17, -5/154 HPs)
             Began as a Purple Draconian Ice Elementalist on Feb 11, 2019.
             Was the Champion of Kikubaaqudgha.
             Shot with a bolt by a yaktaur (23 damage)
             ... led by a vault warden
             ... on level 1 of the Vaults on Feb 13, 2019.
             The game lasted 04:03:28 (63424 turns).

mhilhors the Fighter (DrIE)                        Turns: 63424, Time: 04:03:28

Health: -5/154     AC: 21    Str: 12    XL:     17   Next: 79%
Magic:  22/34      EV: 21    Int: 22    God:    Kikubaaqudgha [******]
Gold:   3137       SH: 17    Dex: 15    Spells: 1/27 levels left

rFire    + . .     SeeInvis +   S - +11 hand axe of the Wilderness {chop, rN+ MR+}
rCold    + . .     Gourm    .   K - +2 shield of Resistance {rF+ rC+ MR+}
rNeg     + . .     Faith    .   (armour unavailable)
rPois    .         Spirit   .   (helmet restricted)
rElec    .         Reflect  +   m - +2 cloak
rCorr    .         Harm     .   I - +2 pair of gloves
MR       ++++.     Clarity  +   H - +2 pair of boots of the New World {MP+9 Dex+4}
Stlth    +++.......             c - +3 amulet of reflection
HPRegen  0.35/turn              L - ring of see invisible
MPRegen  0.24/turn              M - +3 ring of protection

@: very slightly contaminated, invisible
A: breathe power, unfitting armour, stinger 1, clarity, dopey 1, strong 1,
cold-blooded, AC +9
}: 1/15 runes: barnacled
a: Breathe Dispelling Energy, Receive Corpses, Torment, Brand Weapon With Pain,
Receive Necronomicon, Renounce Religion


You were on level 1 of the Vaults.
You worshipped Kikubaaqudgha.
Kikubaaqudgha was exalted by your worship.
You were not hungry.

You visited 8 branches of the dungeon, and saw 34 of its levels.
You also visited: Gauntlet and Ice Cave.

You collected 3673 gold pieces.
You spent 536 gold pieces at shops.

Inventory:

Hand Weapons
 a - a +3 rapier of venom
 b - a +4 scimitar of flaming
 F - a +2 demon trident of electrocution
 S - the +11 hand axe of the Wilderness (weapon) {chop, rN+ MR+}
   (You found it on level 4 of the Lair of Beasts)

   It inflicts extra damage upon your enemies.
   It protects you from negative energy.
   It affects your resistance to hostile enchantments.
Missiles
 l - 75 tomahawks (quivered)
Armour
 m - a +2 cloak (worn)
 H - the +2 pair of boots of the New World (worn) {MP+9 Dex+4}
   (You bought it in a shop on level 8 of the Dungeon)

   It affects your dexterity (+4).
   It affects your magic capacity (+9).
 I - a +2 pair of gloves (worn)
 K - the +2 shield of Resistance (worn) {rF+ rC+ MR+}
   (You found it on level 9 of the Dungeon)

   It protects you from fire.
   It protects you from cold.
   It affects your resistance to hostile enchantments.
Jewellery
 c - a +3 amulet of reflection (around neck)
 u - an uncursed ring of ice
 y - a +2 ring of evasion
 B - an uncursed ring of protection from cold
 L - a ring of see invisible (left hand)
 M - a +3 ring of protection (right hand)
 U - an uncursed ring of positive energy
Wands
 d - a wand of acid (18)
 p - a wand of digging (7)
 r - a wand of enslavement (26)
 z - a wand of scattershot (8)
 D - a wand of iceblast (57)
 J - a wand of polymorph (9)
 Q - a wand of flame (73)
 T - a wand of paralysis (29)
Scrolls
 e - 10 scrolls of remove curse
 h - 3 scrolls of immolation
 j - 6 scrolls of teleportation
 q - 9 scrolls of enchant weapon
 w - 7 scrolls of enchant armour
 G - a scroll of blinking {unknown}
 O - 2 scrolls of magic mapping
 W - 7 scrolls of amnesia
 Y - 2 scrolls of silence
 Z - 8 scrolls of identify
Potions
 g - a potion of haste
 i - a potion of mutation
 k - 12 potions of curing
 n - 3 potions of cancellation
 o - a potion of berserk rage
 s - a potion of invisibility
 t - 7 potions of might
 v - 2 potions of ambrosia
 A - 3 potions of agility
 C - 4 potions of magic
 E - 3 potions of brilliance
 N - a potion of resistance
 V - 3 potions of flight
Comestibles
 f - 41 rations


   Skills:
 + Level 14.8 Fighting
 - Level 8.6 Axes
 + Level 12.9 Dodging
 - Level 4.0 Stealth
 - Level 12.1 Shields
 - Level 5.9 Spellcasting
 - Level 2.1 Conjurations
 - Level 7.7 Summonings
 + Level 12.9 Necromancy
 - Level 13.9 Ice Magic
 * Level 6.3 Air Magic


You had one spell level left.
You knew the following spells:

 Your Spells              Type           Power        Failure   Level  Hunger
a - Animate Skeleton      Necr           N/A          1%          1    None
b - Throw Frost           Conj/Ice       #####.       1%          2    None
c - Summon Ice Beast      Ice/Summ       ######..     1%          4    ###....
d - Animate Dead          Necr           N/A          1%          4    ###....
e - Regeneration          Chrm/Necr      #####.....   2%          3    #......
f - Simulacrum            Ice/Necr       ######....   9%          6    ######.
g - Freezing Cloud        Conj/Ice/Air   #####.....   67%         6    ######.

Your spell library contained the following spells:

 Spells                   Type           Power        Failure   Level  Hunger
 Freeze                   Ice            ####         1%          1    None
 Pain                     Necr           ####         1%          1    None
 Summon Butterflies       Summ           #####...     1%          1    None
 Summon Small Mammal      Summ           ####         1%          1    None
 Flame Tongue             Conj/Fire      ##...        9%          1    None
 Beastly Appendage        Tmut           #.....       14%         1    None
 Confusing Touch          Hex            #.....       14%         1    None
 Infusion                 Chrm           #...         14%         1    None
 Call Imp                 Summ           #####...     1%          2    None
 Corpse Rot               Necr           N/A          1%          2    None
 Sublimation of Blood     Necr           ######....   1%          2    None
 Call Canine Familiar     Summ           #####...     1%          3    #......
 Vampiric Draining        Necr           ######....   1%          3    #......
 Dispel Undead            Necr           ######..     1%          5    #####..
 Ozocubu's Armour         Chrm/Ice       #####...     2%          3    #......
 Throw Icicle             Conj/Ice       #####...     4%          4    ###....
 Poisonous Vapours        Pois/Air       ###...       5%          2    None
 Ice Form                 Ice/Tmut       #####...     8%          4    ###....
 Summon Lightning Spire   Summ/Air       #####...     8%          4    ###....
 Recall                   Summ/Tloc      N/A          9%          3    #......
 Summon Guardian Golem    Hex/Summ       ###.....     9%          3    #......
 Death Channel            Necr           ######....   10%         6    ######.
 Throw Flame              Conj/Fire      ##....       13%         2    None
 Mephitic Cloud           Conj/Pois/Air  ###.....     13%         3    #......
 Bolt of Draining         Conj/Necr      #####.....   17%         5    #####..
 Shroud of Golubria       Chrm/Tloc      #.........   21%         2    None
 Song of Slaying          Chrm           #.......     21%         2    None
 Sticks to Snakes         Tmut           #.......     21%         2    None
 Metabolic Englaciation   Hex/Ice        #####.....   22%         5    #####..
 Conjure Flame            Conj/Fire      ##......     26%         3    #......
 Borgnjor's Vile Clutch   Necr/Erth      #####.....   26%         5    #####..
 Excruciating Wounds      Chrm/Necr      #####.....   26%         5    #####..
 Confuse                  Hex            #.......     38%         3    #......
 Gell's Gravitas          Tloc           #.........   38%         3    #......
 Inner Flame              Hex/Fire       #.......     38%         3    #......
 Spectral Weapon          Hex/Chrm       #.......     38%         3    #......
 Spider Form              Tmut/Pois      #.........   38%         3    #......
 Summon Mana Viper        Hex/Summ       ###.....     58%         5    #####..
 Sticky Flame             Conj/Fire      ##......     65%         4    ###....
 Petrify                  Tmut/Erth      #.......     80%         4    ###....
 Fireball                 Conj/Fire      ##........   94%         5    #####..
 Iskenderun's Battlesphe  Conj/Chrm      ##......     94%         5    #####..
 Venom Bolt               Conj/Pois      ##........   94%         5    #####..
 Bolt of Magma            Conj/Fire/Erth #.........   95%         5    #####..
 Blade Hands              Tmut           #.........   98%         5    #####..
 Yara's Violent Unravell  Hex/Tmut       #.........   98%         5    #####..
 Summon Hydra             Summ           #####.....   99%         7    #######
 Iron Shot                Conj/Erth      ##........   100%        6    ######.
 Orb of Destruction       Conj           ###.......   100%        7    #######
 Ring of Flames           Chrm/Fire      #.........   100%        7    #######
 Spellforged Servitor     Conj/Summ      ####......   100%        7    #######


Dungeon Overview and Level Annotations

Branches:
Dungeon (15/15)            Temple (1/1) D:7            Lair (6/6) D:8
 Shoals (4/4) Lair:3        Snake (3/4) Lair:2        Slime (0/5) Lair:6
    Orc (2/2) D:12            Elf (2/3) Orc:2        Vaults (1/5) D:13
 Depths (0/5) D:15

Altars:
Ashenzari
Cheibriados
Dithmenos
Elyvilon
Fedhas
Gozag
Hepliaklqana
Kikubaaqudgha
Makhleb
Nemelex Xobeh
Okawaru
Qazlal
Ru
Sif Muna
Trog
Uskayaw
Vehumet
Wu Jian
Xom
Yredelemnul
Zin
The Shining One
Beogh

Shops:
D:8 [   D:10 }   D:13 }   D:15 !   Orc:2 *(!}   Snake:1 *}!?

Portals:
Trove: D:11 (give +7 demon blade)

Annotations:
D:2 Terence
D:10 1 runed translucent door, Amplified's ghost, journeyman MiBe
Lair:3 exclusion: oklob plant
Shoals:1 1 runed translucent door, exclusion: door, Meod's ghost, adept MiBe
Shoals:2 exclusion: oklob plant
Snake:3 Vashnia
Elf:2 2 runed translucent doors


Innate Abilities, Weirdness & Mutations

You can breathe bolts of dispelling energy.
Your rich purple scales are hard. (AC +9)
You cannot fit into any form of body armour.
You are cold-blooded and may be slowed by cold attacks.
Your tail ends in a poisonous barb.
You possess an exceptional clarity of mind.
You are dopey. (Int -2)
Your muscles are strong. (Str +2)


Message History

The yaktaur shoots a bolt.
The bolt completely misses your ironbrand convoker.
The centaur shoots an arrow.
The yaktaur seems to regain its courage.
Unknown command.
The centaur warrior shoots an arrow.
The yaktaur pleads, "Please!
I have a lot of children!"
The vault warden hits your ironbrand convoker with a +3 great sword of electrocution.
Lightning courses through your ironbrand convoker!
Your ironbrand convoker dies!
Your ironbrand convoker's corpse dissolves into shadows!
The yaktaur shoots a bolt.
The bolt closely misses you.
The yaktaur seems to regain its courage. x2
Unknown command.
The centaur shoots an arrow.
The yaktaur shoots a bolt.
The vault warden activates a sealing rune.
The yaktaur wields a +0 arbalest.
The yaktaur shoots a bolt.
The bolt hits you!!
You die...
Kikubaaqudgha rasps: "You have failed me!
Welcome... death!"

...........#
####.......# .'..c....#
#.......# #.......#
#..(...(#
#..)(.c.#############
#....(......(........
#...(...cW...@.......
..........p.............
..........(.............
.......(c.....(.........
............c..c........
.........c..............
........................
########################


You could see a vault warden, a centaur warrior, 3 yaktaurs, a wraith and a
centaur.

Vanquished Creatures
  A nagaraja (Snake:3)
  A deep elf annihilator (Vaults:1)
  A dire elephant (D:15)
  A merfolk impaler (Shoals:4)
  An ogre mage (Orc:1)
  Fannar (D:11)
  2 naga warriors
  A vault guard (D:13)
  An anaconda (shapeshifter) (D:13)
  4 merfolk aquamancers
  2 two-headed ogres (Orc:1)
  An alligator snapping turtle (Shoals:3)
  A satyr (Shoals:4)
  An anaconda (Snake:2)
  3 death yaks
  6 dancing weapons
  3 orc high priests (Orc:2)
  A naga sharpshooter (Snake:2)
  8 deep elf knights
  4 shock serpents
  A sixfirhy (Gauntlet)
  6 sea snakes
  8 unseen horrors
  4 deep elf archers
  25 deep elf magi
  3 orc knights
  Pikel (D:6)
  4 mana vipers
  5 harpies
  6 fauns
  A wolf spider (D:14)
  9 manticores
  4 ugly things
  5 orc sorcerers (Orc:2)
  4 salamanders
  3 naga magi
  An ice statue (IceCv)
  5 merfolk sirens
  2 guardian serpents
  13 elephants
  18 black mambas
  2 rime drakes
  A minotaur zombie (Gauntlet)
  9 komodo dragons
  A red devil (Gauntlet)
  5 trolls
  2 meliai (D:13)
  9 merfolk
  11 polar bears
  6 blink frogs
  3 wind drakes (Shoals:4)
  6 dream sheep
  10 hippogriffs
  3 slime creatures
  2 snapping turtles (Shoals:4)
  6 water elementals
  5 spriggans (Lair:2)
  A vampire (D:15)
  6 wraiths
  A centaur simulacrum (D:13)
  34 yaks
  A hog (Snake:2)
  3 wyverns
  2 vampire mosquitoes (D:14)
  A basilisk (Lair:3)
  A hungry ghost (D:12)
  2 fire elementals (Elf:1)
  15 nagas
  2 wargs (Orc:1)
  3 swamp worms (Gauntlet)
  6 porcupines
  3 water moccasins
  17 orc warriors
  3 slaves (D:6)
  Duvessa (D:7)
  3 black bears
  A sky beast (D:7)
  An eye of draining (D:14)
  11 ice beasts
  16 ogres
  27 wolves
  6 centaurs
  6 big kobolds
  6 crocodiles
  2 wyvern zombies
  17 bullfrogs
  4 scorpions
  8 killer bees
  3 howler monkeys
  4 electric eels
  9 crimson imps
  2 bullfrog zombies
  10 hounds
  5 jellies
  6 centaur zombies
  11 orc priests
  24 orc wizards
  4 bullfrog skeletons
  6 centaur skeletons
  Jessica (D:3)
  2 iguanas
  12 worker ants
  A worker ant zombie (D:9)
  Robin (D:2)
  2 gnolls (D:6)
  13 adders
  3 shadow imps
  4 ufetubi
  An adder zombie (D:9)
  2 adder skeletons
  4 worms
  3 dart slugs (D:1)
  2 leopard geckos
  94 orcs
  2 ball pythons
  6 giant cockroaches
  14 goblins
  12 hobgoblins
  10 jackals
  37 kobolds
  4 quokkas
  7 bats
  6 frilled lizards
  A giant cockroach zombie (D:5)
  A leopard gecko skeleton (D:4)
  5 rats
  2 fungi (Lair:6)
  2 plants
801 creatures vanquished.

Vanquished Creatures (collateral kills)
  Nikola (Shoals:4)
  Rupert (D:14)
  Polyphemus (Shoals:3)
  Kirke (Snake:3)
  2 ironheart preservers (Vaults:1)
  A deep elf annihilator (Elf:1)
  A minotaur (Gauntlet)
  Snorg (Lair:5)
  3 merfolk javelineers
  Josephine (Lair:4)
  A fire dragon (D:14)
  5 merfolk impalers (Shoals:4)
  An ogre mage (Vaults:1)
  5 naga warriors
  Harold (D:7)
  A centaur warrior (D:13)
  7 hydras
  Erica (D:11)
  4 catoblepae
  3 anacondas
  3 vault guards (D:13)
  3 merfolk avatars
  2 dancing weapons (Elf:2)
  A satyr (Shoals:2)
  8 merfolk aquamancers (Shoals:4)
  7 two-headed ogres
  7 death yaks
  An orc high priest (Orc:2)
  A naga sharpshooter (Snake:2)
  A deep elf knight (Elf:2)
  A shock serpent (Snake:1)
  An unseen horror (D:11)
  5 sea snakes
  2 naga ritualists
  2 deep elf archers (Elf:2)
  4 orc knights
  3 fauns
  8 harpies
  7 mana vipers
  9 manticores
  5 ugly things
  13 deep elf magi
  An orc sorcerer (Elf:2)
  A wolf spider (D:15)
  2 salamanders
  4 cyclopes
  A centaur zombie (D:14)
  A guardian serpent (Snake:3)
  A smoke demon (Gauntlet)
  5 merfolk sirens
  6 elephants
  7 water nymphs
  15 black mambas
  3 naga magi
  6 spiny frogs
  A gargoyle (D:14)
  2 centaur skeletons
  5 komodo dragons
  An efreet (D:15)
  A minotaur zombie (Gauntlet)
  A rime drake (shapeshifter) (D:14)
  A troll (Orc:1)
  17 merfolk
  A queen bee (Lair:1)
  4 polar bears (IceCv)
  A meliai (D:12)
  7 blink frogs
  3 wind drakes (Shoals:4)
  A tyrant leech (Gauntlet)
  4 dream sheep (Lair:5)
  4 hippogriffs
  8 slime creatures
  6 snapping turtles
  2 wraiths
  An air elemental (Elf:1)
  10 water elementals
  A spriggan (Lair:2)
  7 wyverns
  26 yaks
  A hog (Snake:3)
  A shadow (D:12)
  4 vampire mosquitoes
  A basilisk (Lair:3)
  8 nagas
  A soldier ant (D:13)
  2 hungry ghosts
  2 wargs (Orc:2)
  8 water moccasins
  A swamp drake (D:12)
  A porcupine (Lair:2)
  10 orc warriors
  A slave (D:5)
  A phantom (D:7)
  6 ogres
  A centaur (D:15)
  A necrophage (D:10)
  10 wolves
  4 crocodiles
  2 bullfrogs (D:11)
  Dowan (D:7)
  A scorpion (D:13)
  23 killer bees
  3 wights
  An electric eel (D:14)
  5 crimson imps
  A jelly (D:11)
  2 quasits
  A hound (D:14)
  6 orc priests
  10 orc wizards
  An iguana (D:12)
  A howler monkey zombie (D:11)
  2 gnolls (D:6)
  An ufetubus (Gauntlet)
  23 orcs
  A jackal (D:8)
  3 fungi
  4 plants
460 creatures vanquished.

Vanquished Creatures (others)
  A centaur warrior (D:15)
  A merfolk aquamancer (Shoals:4)
  A satyr (Shoals:2)
  A deep elf archer (Elf:2)
  A faun (Shoals:1)
  3 polar bears (IceCv)
  4 humans (Snake:3)
  A porcupine (Lair:4)
  4 centaurs
  2 wolves (IceCv)
  A bush (Lair:6)
  7 demonic plants (Gauntlet)
  17 fungi
  26 plants
70 creatures vanquished.

Grand Total: 1331 creatures vanquished

Notes
Turn   | Place    | Note
-------+----------+-------------------------------------------
     0 | D:1      | mhilhors the Draconian Ice Elementalist began the quest for
                  | the Orb.
     0 | D:1      | Reached XP level 1. HP: 14/14 MP: 3/3
   362 | D:1      | Reached XP level 2. HP: 20/20 MP: 0/5
   771 | D:1      | Learned a level 2 spell: Throw Frost
  1020 | D:1      | Reached XP level 3. HP: 21/26 MP: 6/6
  1866 | D:2      | Found an iron altar of Okawaru.
  2003 | D:2      | Reached XP level 4. HP: 28/33 MP: 1/8
  2219 | D:2      | Noticed Robin
  2235 | D:2      | Killed Robin
  2734 | D:2      | Noticed Terence
  2741 | D:2      | Learned a level 4 spell: Summon Ice Beast
  3025 | D:3      | Found a deep blue altar of Sif Muna.
  3132 | D:3      | Noticed Jessica
  3149 | D:3      | Killed Jessica
  3149 | D:3      | Reached XP level 5. HP: 38/38 MP: 9/9
  3188 | D:3      | Noticed an ogre
  3683 | D:3      | Found a faded altar of an unknown god.
  3734 | D:3      | Found an ornate altar of the Wu Jian Council.
  3837 | D:3      | Killed an ogre
  3837 | D:3      | Reached XP level 6. HP: 26/45 MP: 5/11
  4704 | D:4      | Reached skill level 5 in Ice Magic
  4704 | D:4      | Your scales start taking on a rich purple colour.
  4704 | D:4      | Reached skill level 5 in Spellcasting
  4704 | D:4      | Reached XP level 7. HP: 50/50 MP: 10/14
  4963 | D:4      | Found a white marble altar of Elyvilon.
  5196 | D:4      | Found a basalt altar of Yredelemnul.
  5298 | D:5      | Entered Level 5 of the Dungeon
  5666 | D:5      | Reached skill level 1 in Summonings
  6238 | D:5      | Found a snail-covered altar of Cheibriados.
  6722 | D:6      | Reached XP level 8. HP: 52/57 MP: 14/16
  7268 | D:6      | Noticed Pikel
  8106 | D:6      | Found a shimmering altar of Xom.
  8523 | D:6      | Killed Pikel
  8677 | D:6      | Reached skill level 5 in Summonings
  9097 | D:7      | Reached XP level 9. HP: 50/62 MP: 13/17
  9657 | D:7      | Noticed Harold
  9657 | D:7      | Noticed Duvessa
  9657 | D:7      | Noticed Dowan
  9675 | D:7      | Killed Duvessa
  9915 | D:7      | Killed Harold
  9943 | D:7      | Killed Dowan
 10243 | D:7      | Found a shadowy altar of Dithmenos.
 10469 | D:7      | Found a staircase to the Ecumenical Temple.
 10476 | Temple   | Entered the Ecumenical Temple
 10582 | Temple   | Became a worshipper of Kikubaaqudgha
 10675 | D:8      | Noticed a seven-headed hydra
 11340 | D:8      | Found a hide-covered altar of Uskayaw.
 11723 | D:8      | Killed a seven-headed hydra
 11723 | D:8      | Reached skill level 2 in Fighting
 11723 | D:8      | Reached skill level 10 in Ice Magic
 11841 | D:8      | Found a staircase to the Lair.
 11846 | D:8      | Found Nurokhau's Antique Armour Shoppe.
 11854 | D:8      | Bought a pair of transparent boots for 266 gold pieces
 11859 | D:8      | Identified the +2 pair of boots of the New World {MP+9
                  | Dex+4} (You bought it in a shop on level 8 of the Dungeon)
 11990 | D:8      | Reached XP level 10. HP: 71/74 MP: 18/18
 12040 | D:8      | Reached * piety under Kikubaaqudgha
 12040 | D:8      | Identified Kikubaaqudgha's Guide on Evil (Kikubaaqudgha
                  | gifted it to you on level 8 of the Dungeon)
 12040 | D:8      | Received a gift from Kikubaaqudgha
 12089 | D:8      | Reached skill level 3 in Fighting
 12317 | D:8      | Found an opulent altar of Gozag.
 12513 | D:9      | Found a sacrificial altar of Ru.
 12625 | D:9      | Found the +2 shield of Resistance {rF+ rC+ MR+}
 12952 | D:9      | Found a stormy altar of Qazlal.
 12952 | D:9      | Found a sparkling altar of Nemelex Xobeh.
 13109 | D:9      | Reached skill level 1 in Shields
 13291 | D:8      | Reached skill level 4 in Fighting
 14159 | D:10     | Entered Level 10 of the Dungeon
 14180 | D:10     | Reached ** piety under Kikubaaqudgha
 14392 | D:10     | Found a runed translucent door.
 14403 | D:10     | Noticed Amplified's ghost (journeyman MiBe)
 14724 | D:10     | Noticed a seven-headed hydra
 14725 | D:10     | Noticed a two-headed ogre
 14755 | D:10     | Killed a seven-headed hydra
 14755 | D:10     | Reached skill level 5 in Fighting
 14861 | D:10     | Killed a two-headed ogre
 15281 | D:10     | Noticed an unseen horror
 15299 | D:10     | Killed an unseen horror
 15299 | D:10     | Reached skill level 5 in Shields
 15299 | D:10     | Reached XP level 11. HP: 77/88 MP: 19/19
 15374 | D:10     | Noticed an unseen horror
 15592 | D:10     | Killed an unseen horror
 15592 | D:10     | Reached skill level 5 in Dodging
 15725 | D:10     | Found Diphes's Gadget Emporium.
 15981 | D:10     | Reached *** piety under Kikubaaqudgha
 15981 | D:10     | Identified Kikubaaqudgha's Tome of Darkness (Kikubaaqudgha
                  | gifted it to you on level 10 of the Dungeon)
 15981 | D:10     | Received a gift from Kikubaaqudgha
 16662 | D:10     | Reached skill level 1 in Necromancy
 16790 | D:11     | Reached skill level 6 in Fighting
 16804 | D:11     | Noticed Fannar
 16827 | D:11     | Killed Fannar
 17121 | D:11     | Noticed an unseen horror
 17145 | D:11     | Killed an unseen horror
 17410 | D:11     | Noticed an unseen horror
 17428 | D:11     | Killed an unseen horror
 17571 | D:11     | Noticed a two-headed ogre
 17580 | D:11     | Killed a two-headed ogre
 17580 | D:11     | Reached skill level 7 in Fighting
 17614 | D:11     | Noticed Erica
 17625 | D:11     | Killed Erica
 17860 | D:11     | Found a portal to a secret trove of treasure.
 18193 | D:11     | Paralysed by a wight for 5 turns
 18464 | D:12     | Reached **** piety under Kikubaaqudgha
 18469 | D:12     | Noticed a purple ugly thing
 18565 | D:12     | Reached XP level 12. HP: 29/100 MP: 20/20
 19839 | D:12     | Found a staircase to the Orcish Mines.
 20080 | D:13     | Found a frozen archway.
 20267 | D:13     | Reached ***** piety under Kikubaaqudgha
 20286 | IceCv    | Entered an ice cave
 20319 | IceCv    | Reached skill level 8 in Fighting
 20566 | IceCv    | Got a translucent halberd
 20575 | IceCv    | Identified the cursed +0 halberd of Duty {chop, rC++} (You
                  | found it in an ice cave)
 20871 | IceCv    | Noticed a death yak
 20880 | IceCv    | Reached skill level 5 in Necromancy
 20912 | IceCv    | Killed a death yak
 21401 | IceCv    | Learned a level 4 spell: Animate Dead
 21762 | IceCv    | Reached skill level 10 in Shields
 21914 | IceCv    | Noticed a frost giant
 23132 | D:13     | Found Bopac's Gadget Shoppe.
 23190 | D:13     | Noticed a two-headed ogre
 23208 | D:13     | Killed a two-headed ogre
 23245 | D:13     | HP: 1/103 [meliai/divine providence (11)]
 23621 | Lair:1   | Entered Level 1 of the Lair of Beasts
 23739 | Lair:1   | Noticed a four-headed hydra
 23782 | Lair:1   | Killed a two-headed hydra
 23974 | Lair:1   | Noticed a six-headed hydra
 23982 | Lair:1   | Killed a five-headed hydra
 24114 | Lair:1   | Learned a level 1 spell: Animate Skeleton
 24163 | Lair:1   | Reached skill level 9 in Fighting
 24315 | Lair:1   | Reached XP level 13. HP: 110/111 MP: 21/21
 25150 | Lair:2   | Found a staircase to the Snake Pit.
 27305 | Lair:3   | Reached ****** piety under Kikubaaqudgha
 27939 | Lair:3   | Reached skill level 10 in Fighting
 28297 | Lair:3   | Found a staircase to the Shoals.
 28796 | Lair:4   | Got a fine hand axe
 28797 | Lair:4   | Identified the +11 hand axe of the Wilderness {chop, rN+
                  | MR+} (You found it on level 4 of the Lair of Beasts)
 29150 | Lair:5   | Noticed Josephine
 29247 | Lair:4   | Killed Josephine
 30025 | Lair:5   | Noticed Snorg
 30036 | Lair:5   | Killed Snorg
 30188 | Lair:5   | Found the +7 Spriggan's Knife {stab, EV+4 Stlth+}
 30331 | Lair:5   | Reached XP level 14. HP: 93/122 MP: 22/22
 30649 | Lair:5   | Got a bone scythe
 30650 | Lair:5   | Identified the +1 scythe of the Orb {flame, rC+} (You found
                  | it on level 5 of the Lair of Beasts)
 30974 | Lair:6   | Entered Level 6 of the Lair of Beasts
 31198 | Lair:6   | Found a gate leading to a gauntlet.
 31269 | Gauntlet | Entered a Gauntlet
 31269 | Gauntlet | Found a transporter.
 31280 | Gauntlet | Found a transporter.
 31280 | Gauntlet | Found a transporter.
 31282 | Gauntlet | Found a transporter.
 31295 | Gauntlet | Found a transporter.
 31308 | Gauntlet | Found a transporter.
 31314 | Gauntlet | Found a transporter.
 31329 | Gauntlet | Found a transporter.
 31330 | Gauntlet | Found the +0 pair of fencer's gloves {Riposte Dex+3}
 31348 | Gauntlet | Found a transporter.
 31360 | Gauntlet | Found a transporter.
 31372 | Gauntlet | Found a transporter.
 31378 | Gauntlet | Found a transporter.
 31406 | Gauntlet | Found a transporter.
 31409 | Gauntlet | Noticed an entropy weaver
 31415 | Gauntlet | Found a transporter.
 31432 | Gauntlet | Found a transporter.
 31450 | Gauntlet | Found a transporter.
 31452 | Gauntlet | Found a transporter.
 31479 | Gauntlet | Found a transporter.
 32447 | Lair:6   | Found a staircase to the Slime Pits.
 32612 | Lair:6   | Reached skill level 11 in Fighting
 34242 | Lair:6   | Learned a level 3 spell: Regeneration
 34857 | Orc:1    | Entered Level 1 of the Orcish Mines
 35031 | Orc:1    | Reached skill level 10 in Dodging
 35412 | Orc:1    | Found a bloodstained altar of Trog.
 35699 | Orc:2    | Entered Level 2 of the Orcish Mines
 35734 | Orc:2    | Found a staircase to the Elven Halls.
 35818 | Orc:2    | Gained mutation: Potions are less effective at restoring
                  | your health. [a neqoxec]
 35820 | Orc:2    | Gained mutation: Your large and strong wings let you fly
                  | indefinitely. [a neqoxec]
 36319 | Orc:2    | Found a roughly hewn altar of Beogh.
 37609 | Orc:2    | Found Ateoc's General Store.
 37609 | Orc:2    | Found Onteajunatu's Gadget Boutique.
 37612 | Orc:2    | Found Onabaove's Weapon Shoppe.
 37612 | Orc:2    | Found Mipycy's Distillery.
 37621 | Orc:2    | Bought a potion of heal wounds for 80 gold pieces
 37925 | D:13     | Found a gate to the Vaults.
 37933 | D:13     | Reached skill level 12 in Fighting
 37933 | D:13     | Reached skill level 1 in Axes
 37945 | D:13     | Reached XP level 15. HP: 121/132 MP: 23/23
 39194 | D:14     | Found a white marble altar of Elyvilon.
 39371 | D:14     | Reached skill level 10 in Necromancy
 39547 | D:14     | Lost mutation: Potions are less effective at restoring your
                  | health. [potion of mutation]
 39547 | D:14     | Lost mutation: Your large and strong wings let you fly
                  | indefinitely. [potion of mutation]
 39547 | D:14     | Gained mutation: You are dopey. (Int -2) [potion of
                  | mutation]
 39547 | D:14     | Gained mutation: You possess an exceptional clarity of
                  | mind. [potion of mutation]
 39547 | D:14     | Gained mutation: Your tail ends in a poisonous barb.
                  | [potion of mutation]
 39547 | D:14     | Gained mutation: Your muscles are strong. (Str +2) [potion
                  | of mutation]
 39645 | D:14     | Noticed Rupert
 40375 | D:14     | Killed Rupert
 41293 | D:15     | Entered Level 15 of the Dungeon
 41293 | D:15     | Found Guppasme's Distillery.
 41534 | D:15     | Found a staircase to the Depths.
 42679 | Snake:1  | Entered Level 1 of the Snake Pit
 42779 | Snake:1  | Found Gonuffics's Distillery.
 42819 | Snake:1  | Found Zaewa's Gadget Shop.
 42822 | Snake:1  | Found Paunusoe's Magic Scroll Shop.
 42826 | Snake:1  | Bought a potion of heal wounds for 95 gold pieces
 42826 | Snake:1  | Bought a potion of heal wounds for 95 gold pieces
 43512 | Snake:1  | Found Xysidd's General Store.
 44251 | Snake:1  | Found Zarixzi's Magic Scroll Boutique.
 46241 | Snake:2  | Reached skill level 5 in Axes
 46694 | Snake:2  | Reached skill level 13 in Fighting
 47018 | Snake:2  | Reached XP level 16. HP: 134/143 MP: 24/24
 47412 | Snake:3  | Noticed Vashnia
 48530 | Snake:3  | Noticed Kirke
 48860 | Snake:3  | Killed Kirke
 49310 | Snake:2  | HP: 6/144 [poisoned by a naga warrior (splash of poison)]
 50601 | Shoals:1 | Entered Level 1 of the Shoals
 51569 | Shoals:1 | Found a runed translucent door.
 51603 | Shoals:1 | Found a shimmering altar of Xom.
 51603 | Shoals:1 | Noticed Meod's ghost (adept MiBe)
 51727 | Shoals:1 | Noticed a titan
 52271 | Shoals:2 | Found an ornate altar of the Wu Jian Council.
 52572 | Shoals:3 | Noticed Polyphemus
 52643 | Shoals:2 | Learned a level 6 spell: Simulacrum
 55110 | Shoals:3 | Killed Polyphemus
 55592 | Elf:1    | Entered Level 1 of the Elven Halls
 56191 | Elf:1    | Found a ruined gateway.
 56302 | Elf:1    | Reached skill level 14 in Fighting
 57303 | Elf:1    | Reached XP level 17. HP: 114/152 MP: 25/25
 58248 | Elf:1    | Learned a level 6 spell: Freezing Cloud
 58586 | Elf:2    | Reached skill level 1 in Air Magic
 59473 | Elf:2    | Found a runed translucent door.
 59505 | Elf:2    | Found a runed translucent door.
 60079 | Shoals:4 | Entered Level 4 of the Shoals
 61129 | Shoals:4 | Got a barnacled rune of Zot
 61589 | Shoals:4 | Identified the cursed +0 robe of the Insatiable Ships {rF+
                  | rC++}
 61590 | Shoals:4 | Reached skill level 5 in Air Magic
 62190 | Shoals:4 | Noticed Nikola
 62238 | Shoals:4 | Killed Nikola
 63211 | Vaults:1 | Entered Level 1 of the Vaults
 63408 | Vaults:1 | HP: 3/154 [yaktaur/bolt[a vault warden] (28)]
 63424 | Vaults:1 | Shot with a bolt by a yaktaur

Skill      XL: |  1  2  3  4  5  6  7  8  9 10 11 12 13 14 15 16 17 |
---------------+----------------------------------------------------+-----
Stealth        | 2 3 4 |  4.0
Conjurations   | 2 |  2.1
Spellcasting   | 3 5 |  5.9
Ice Magic      | 4 5 6 8 10 11 12 13 | 13.9
Summonings     | 2 5 7 |  7.7
Fighting       | 2 5 7 9 10 12 13 14 | 14.8
Dodging        | 2 4 6 7 9 10 11 12 | 12.9
Shields        | 5 8 10 12 | 12.1
Necromancy     | 3 6 7 9 11 12 | 12.9
Axes           | 1 5 7 8 |  8.6
Air Magic      | 6 |  6.3

Action                   |  1- 3 |  4- 6 |  7- 9 | 10-12 | 13-15 | 16-18 || total
-------------------------+-------+-------+-------+-------+-------+-------++-------
Melee: Dagger            |    81 |    37 |       |       |       |       ||   118
       Tailslap          |     6 |     4 |    34 |   186 |   280 |   121 ||   631
       Rapier            |       |    75 |   374 |   857 |   394 |       ||  1700
       Whip              |       |       |    10 |   159 |    10 |       ||   179
       Scimitar          |       |       |       |   159 |    52 |       ||   211
       Hand axe          |       |       |       |       |  1285 |   909 ||  2194
Throw: Stone             |     2 |       |       |       |       |       ||     2
       Tomahawk          |     3 |     7 |    20 |    18 |    20 |     6 ||    74
 Cast: Freeze            |    47 |    25 |    19 |       |       |       ||    91
       Throw Frost       |       |     9 |    42 |    31 |    19 |     7 ||   108
       Summon Ice Beast  |       |       |    15 |    96 |   202 |   203 ||   516
       Animate Skeleton  |       |       |       |     2 |    94 |    79 ||   175
       Animate Dead      |       |       |       |     1 |    49 |     5 ||    55
       Regeneration      |       |       |       |       |     3 |    33 ||    36
       Simulacrum        |       |       |       |       |       |    23 ||    23
Invok: Receive Corpses   |       |       |       |       |     3 |       ||     3
       Torment           |       |       |       |       |     1 |       ||     1
 Abil: Breathe Dispellin |       |       |       |       |     1 |       ||     1
Evoke: Wand              |       |       |       |     1 |     1 |     1 ||     3
  Use: Scroll            |       |     3 |     9 |    16 |    14 |     5 ||    47
       Potion            |       |       |     1 |     6 |     6 |     7 ||    20
 Stab: Sleeping          |     3 |     6 |     9 |    13 |    20 |     3 ||    54
       Distracted        |       |     1 |     1 |     6 |    22 |    21 ||    51
       Petrified         |       |       |       |       |       |     9 ||     9
  Eat: Chunk             |     4 |     9 |    19 |    47 |    67 |    53 ||   199
       Ration            |       |       |     2 |     3 |    12 |    12 ||    29
Armor: Skin              |    29 |    36 |   139 |   387 |   393 |   244 ||  1228
Dodge: Dodged            |    73 |    76 |   255 |   705 |  1089 |   688 ||  2886
Block: Shield            |       |       |       |   829 |  1632 |  1013 ||  3474
       Reflection        |       |       |       |       |    48 |   131 ||   179
       Rpst.: Scimitar   |       |       |       |    26 |     8 |       ||    34
